 Dungeon Crawl Stone Soup version 0.31-a0-188-g5e087ee2ca (webtiles) character file.

Game seed: 13057816545412255382

107 qw the Skirmisher (level 4, 0/25 HPs)
             Began as a Deep Elf Hunter on June 23, 2023.
             Slain by a water moccasin (5 damage)
             ... on level 3 of the Dungeon.
             The game lasted 00:00:35 (1713 turns).

qw the Skirmisher (Deep Elf Hunter)                 Turns: 1713, Time: 00:00:36

Health: 0/25       AC:  6    Str: 10    XL:     4   Next: 57%
Magic:  6/6        EV: 11    Int: 14    God:
Gold:   123        SH:  0    Dex: 18    Spells: 3/3 levels left

rFire   . . .        Y - +1 shortbow
rCold   + . .        (shield currently unavailable)
rNeg    . . .        p - +0 ring mail
rPois   .            (no helmet)
rElec   .            j - +0 cloak
rCorr   .            (no gloves)
SInv    .            (no boots)
Will    +....        (no amulet)
Stlth   +            l - ring of protection from cold
HPRegen 0.24/turn    e - ring of willpower
MPRegen 0.10/turn

%: no passive effects
@: lethally poisoned (0 -> -2), about to teleport
A: no striking features
a: no special abilities


You were on level 3 of the Dungeon.
You visited 1 branch of the dungeon, and saw 3 of its levels.

You collected 123 gold pieces.


   Skills:
 - Level 1.5 Fighting
 + Level 8.0 Ranged Weapons
 - Level 2.4 Dodging
 - Level 1.2 Stealth


You had 3 spell levels left.
You didn't know any spells.
Your spell library was empty.

Inventory:

Hand Weapons
 Y - a +1 shortbow (weapon)
Armour
 j - a +0 cloak (worn)
 p - a +0 ring mail (worn)
Jewellery
 c - a ring of poison resistance
 e - a ring of willpower (right hand)
 l - a ring of protection from cold (left hand)
Scrolls
 a - 3 scrolls of identify
 d - 2 scrolls of amnesia {unknown}
Potions
 b - 2 potions of might {unknown}
 n - a potion of haste
 o - a potion of curing

Dungeon Overview and Level Annotations

Branches:
Dungeon (3/15)

Altars:

Shops:
D:2 *


Message History

You shoot an arrow. The arrow hits the frilled lizard!
You kill the frilled lizard!
You see here a frilled lizard corpse.
You now have 123 gold pieces (gained 12).
A water moccasin comes into view.
The water moccasin hisses angrily.
Enter note:
Enter note:
Enter note:
Enter note:
Enter note:
Enter note: You shoot an arrow.
The arrow hits the water moccasin!
The water moccasin is moderately wounded.
You shoot an arrow. The arrow hits the water moccasin.
The water moccasin is heavily wounded.
The water moccasin bites you.
You are poisoned.
The water moccasin poisons you!
You shoot an arrow.
The arrow hits the water moccasin but does no damage.
The water moccasin is heavily wounded.
You feel very sick.
The water moccasin bites you but does no damage.
You shoot an arrow. The arrow misses the water moccasin.
You feel sick.
The water moccasin completely misses you.
The water moccasin barely misses you.
You shoot an arrow.
The arrow hits the water moccasin but does no damage.
The water moccasin is heavily wounded.
You feel sick. The water moccasin bites you. x2
You shoot an arrow.
The arrow barely misses the water moccasin.
You feel sick. The water moccasin bites you.
1713 ||| READING scroll of teleportation.
As you read the scroll of teleportation, it crumbles to dust.
You feel strangely unstable.
You feel sick. The water moccasin bites you.
You die...

### ####.#
#....# ###
##...###.#
###.....#
#.......#
#.###.#@#
#.#.#.#.S......
#.#.#.########.
#.#...# ####
#.#.#### #..
..#....# #.#
#######.####.#
#............#
#.#########..#


You could see a water moccasin.

Vanquished Creatures
  Jessica (D:2)
  Natasha (D:2)
  An adder (D:2)
  A worm (D:2)
  2 dart slugs (D:3)
  3 orcs (D:3)
  4 ball pythons
  2 bats (D:1)
  3 endoplasms
  A giant cockroach (D:2)
  5 goblins
  A hobgoblin (D:2)
  2 jackals (D:3)
  3 kobolds
  A quokka (D:2)
  4 frilled lizards
  2 rats (D:1)
37 creatures vanquished.

Notes
Turn   | Place    | Note
-------+----------+-------------------------------------------
     0 | D:1      | qw the Deep Elf Hunter began the quest for the Orb.
     0 | D:1      | Reached XP level 1. HP: 12/12 MP: 3/3
     0 | D:1      | 0 ||| qw: Version: 0.3-a-9-g12657ce
     0 | D:1      | 0 ||| qw: Game counter: 4328
     0 | D:1      | 0 ||| qw: Always use a shield: true
     0 | D:1      | 0 ||| qw: God list: Okawaru
     0 | D:1      | 0 ||| qw: Allow faded altars: false
     0 | D:1      | 0 ||| qw: Do Orc after D:15 true
     0 | D:1      | 0 ||| qw: Do second Lair branch before Depths: true
     0 | D:1      | 0 ||| qw: Lair rune preference: random
     0 | D:1      | 0 ||| qw: Plans: Normal
     0 | D:1      | 0 ||| PLANNING D:1-11
   358 | D:1      | Reached XP level 2. HP: 16/16 MP: 4/4
   415 | D:1      | Found a faded altar of an unknown god.
   481 | D:1      | Reached skill level 6 in Ranged Weapons
   618 | D:1      | 618 ||| UPGRADING to +0 cloak.
   623 | D:1      | 623 ||| UPGRADING to +0 scale mail.
   633 | D:1      | 633 ||| DROPPING +0 leather armour.
   634 | D:1      | 634 ||| UPGRADING to +0 ring mail.
   644 | D:1      | 644 ||| DROPPING +0 scale mail.
   645 | D:1      | 645 ||| UPGRADING to ring of protection from cold.
   646 | D:1      | 646 ||| READING 2 scrolls labelled PIUQIE AWKA.
   647 | D:1      | 647 ||| READING 2 scrolls labelled WEINAD UGIOG.
   648 | D:1      | 648 ||| READING 2 scrolls labelled SIEVVI IPHAODE.
   649 | D:1      | 649 ||| READING scroll labelled ARUTREI MOXUXA.
   650 | D:1      | 650 ||| READING 2 scrolls labelled VOESHR PEZIN.
   654 | D:1      | 654 ||| READING scroll labelled OBOECL JEOPHUI.
   655 | D:1      | 655 ||| READING scroll labelled REOR POZAEDWIBB.
   656 | D:1      | 656 ||| DRINKING 2 bubbling clear potions.
   700 | D:1      | 700 ||| DRINKING 2 orange potions.
   701 | D:1      | 701 ||| DROPPING scroll of butterflies.
   702 | D:1      | 702 ||| DROPPING scroll of fear.
   703 | D:1      | 703 ||| DROPPING scroll of blinking.
   704 | D:1      | 704 ||| DROPPING potion of lignification.
   887 | D:2      | Noticed Jessica
   891 | D:2      | Killed Jessica
   892 | D:2      | Reached skill level 7 in Ranged Weapons
   892 | D:2      | Reached XP level 3. HP: 20/20 MP: 5/5
   907 | D:2      | Found Fuevoc's Assorted Antiques.
   909 | D:2      | Noticed Natasha
   921 | D:2      | Killed Natasha
   922 | D:2      | Reached XP level 4. HP: 11/25 MP: 6/6
   990 | D:2      | 990 ||| SHOPLISTING brightly glowing leather armour (182
                  | gold, have 74).
   990 | D:2      | 990 ||| SHOPLISTING potion of curing (78 gold, have 74).
  1266 | D:2      | 1266 ||| DROPPING ring of flight.
  1267 | D:2      | 1267 ||| UPGRADING to ring of willpower.
  1268 | D:2      | 1268 ||| READING scroll labelled WEILUV ZOUB.
  1369 | D:2      | 1369 ||| READING scroll labelled YNIUPUUMPA.
  1370 | D:2      | 1370 ||| READING 2 scrolls of identify.
  1370 | D:2      | 1370 ||| IDENTIFYING green potion
  1653 | D:3      | Reached skill level 8 in Ranged Weapons
  1706 | D:3      | Noticed a water moccasin
  1712 | D:3      | HP: 6/25 [water moccasin (5)]
  1713 | D:3      | 1713 ||| READING scroll of teleportation.
  1713 | D:3      | Slain by a water moccasin

Levels and vault maps discovered:
D:1:      lightli_arrival_quake, layout_loops_cross,
          ebering_ecumenical_altar_sacrificial
D:2:      layout_rooms, serial_shops, shop, uniq_natasha, uniq_jessica
D:3:      layout_basic, zin_treasury, kennysheep_generic_room_11

Skill      XL: |  1  2  3  4 |
---------------+-------------+-----
Ranged Weapons | 7 8 |  8.0
Fighting       | |  1.5
Dodging        | |  2.4
Stealth        | |  1.2

Action                     |  1- 3 |  4- 6 || total
---------------------------+-------+-------++-------
   Fire: Shortbow          |    60 |    41 ||   101
    Use: Scroll            |     7 |     4 ||    11
         Potion            |     2 |       ||     2
 Armour: Ring mail         |     4 |     3 ||     7
  Dodge: Dodged            |     3 |     4 ||     7

Table legend:
 A = Non-vault XP
 B = Vault XP
 C = Vault XP percentage of total XP
 D = Non-vault monster count
 E = Vault monster count
 F = Vault count percentage of total count
                 A         B        C        D         E       F
            +---------+---------+-------+---------+---------+-------
      Total |      82 |      72 |  46.8 |      35 |       2 |   5.4
            +---------+---------+-------+---------+---------+-------
        D:1 |      20 |       0 |   0.0 |      13 |       0 |   0.0
        D:2 |      35 |      72 |  67.3 |      11 |       2 |  15.4
        D:3 |      27 |       0 |   0.0 |      11 |       0 |   0.0
            +---------+---------+-------+---------+---------+-------
